 Dungeon Crawl Stone Soup version 0.27-a0-1256-gced786f65e (webtiles) character file.

Game seed: 8186278628609627304

385 benadryl the Shield-Bearer (level 6, -5/39 HPs)
             Began as a Gargoyle Fighter on June 10, 2021.
             Slain by a gnoll shaman
             ... wielding a +2 vampiric whip
              (10 damage)
             ... on level 4 of the Dungeon.
             The game lasted 00:06:39 (5107 turns).

benadryl the Shield-Bearer (Gargoyle Fighter)       Turns: 5107, Time: 00:06:40

Health: -5/39      AC: 14    Str: 22    XL:     6   Next: 77%
Magic:  6/6        EV:  5    Int:  8    God:
Gold:   176        SH:  9    Dex:  9    Spells: 5/5 levels left

rFire    . . .     SeeInvis .   a - +1 long sword
rCold    . . .     Faith    .   c - +0 kite shield
rNeg     + . .     Spirit   .   f - +0 chain mail
rPois    ∞         Reflect  .   (no helmet)
rElec    +         Harm     .   l - +0 cloak
rCorr    .         Rampage  .   (no gloves)
Will     .....                  (no boots)
Stlth    ..........             (no amulet)
HPRegen  0.13/turn              (no ring)
MPRegen  0.10/turn              (no ring)

@: no status effects
A: sickness immunity, AC +4, negative energy resistance 1, electricity
resistance, torment resistance 1, petrification resistance
a: no special abilities


You were on level 4 of the Dungeon.
You visited 1 branch of the dungeon, and saw 4 of its levels.

You collected 176 gold pieces.

Inventory:

Hand Weapons
 a - a +1 long sword (weapon)
Armour
 c - a +0 kite shield (worn)
 f - a +0 chain mail (worn)
 l - a +0 cloak (worn)
Jewellery
 k - a ring of fire
Wands
 h - a wand of charming (10)
 o - a wand of iceblast (9)
Scrolls
 n - a scroll of magic mapping {unknown}
 p - a scroll of identify {@r1}
Potions
 d - a potion of might
 e - a potion of resistance
 g - a potion of degeneration {unknown}
 i - a potion of cancellation {unknown}
 j - a potion of flight {unknown}
 m - a potion of curing {unknown}


   Skills:
 + Level 4.7 Fighting
 + Level 4.0 Long Blades
 * Level 2.5 Throwing
 - Level 3.2 Armour
 + Level 4.7 Shields


You had 5 spell levels left.
You didn't know any spells.
Your spell library contained the following spells:

 Spells                   Type           Power      Damage    Failure   Level
 Magic Dart               Conj           0%         1d3       100%        1
 Searing Ray              Conj           0%         3d3       100%        2
 Dazzling Flash           Conj/Hex       0%         N/A       100%        3
 Fulminant Prism          Conj/Hex       0%         3d6       100%        4
 Iskenderun's Mystic Bla  Conj/Tloc      0%         2d3       100%        4


Dungeon Overview and Level Annotations

Branches:
Dungeon (4/15)
 Temple: D:4-7

Altars:
Kikubaaqudgha

Shops:
D:1 [[?   D:2 =


Innate Abilities, Weirdness & Mutations

You are immune to sickness and miasma.
Your stone body is resilient. (AC +4)
You are immune to poison.
You resist negative energy. (rN+)
You are resistant to electric shocks. (rElec)
You are resistant to unholy torment.
You are immune to petrification.


Message History

The javelin pierces through the gnoll!
You kill the gnoll!
The javelin barely misses the gnoll. x2
The gnoll shaman hits you but does no damage. x2
Throw: 2 javelins
Press: ? - help, Q - select action, (/) - cycle Shift-Dir - straight line, f/p - gnoll
Aim: a gnoll, wielding a +0 halberd (severely wounded, 60% to hit)
You throw a javelin.
The javelin barely misses the gnoll shaman.
The javelin pierces through the gnoll.
You kill the gnoll!
The javelin barely misses the gnoll.
The javelin barely misses the goblin.
The gnoll shaman hits you with a +2 vampiric whip.
The gnoll shaman closely misses you.
You riposte.
You barely miss the gnoll shaman.
Throw: javelin
Press: ? - help, Q - select action, (/) - cycle Shift-Dir - straight line, f/p - gnoll
Aim: a gnoll, wielding a +0 halberd (severely wounded, 61% to hit)
You throw a javelin.
The javelin pierces through the gnoll shaman.
The gnoll shaman is lightly wounded.
The javelin pierces through the gnoll!
You kill the gnoll!
The javelin pierces through the goblin.
The goblin is severely wounded.
You block the gnoll shaman's attack.
Your Long Blades skill increases to level 4!
You hit the gnoll shaman.
The gnoll shaman is moderately wounded.
The gnoll shaman hits you with a +2 vampiric whip! x2
* * * LOW HITPOINT WARNING * * *
You hit the gnoll shaman.
The gnoll shaman is heavily wounded.
You block the gnoll shaman's attack.
You barely miss the gnoll shaman.
The gnoll shaman is heavily wounded.
The gnoll shaman completely misses you.
You riposte.
You hit the gnoll shaman.
The gnoll shaman is heavily wounded.
The gnoll shaman hits you with a +2 vampiric whip!
You die...

## #.> ##### ###...##
#...#########
#.......#########...........####
#..(....(...)gg@......###.#.....
#.......#.########.##.# #.######
###...###.## ##.##.# #.#
......g.gg.# ###.#.#.###.####
#.....>.#..# #..###)........#
#.#..##)#..# #.#.#.#.###.##.#
#.#. #.#>.####.##.##.# #.##.#
.....##.........##.##.# #.##.#
## #....#....######..# #.##.#


You could see a gnoll shaman and a goblin.

Vanquished Creatures
  A gnoll shaman (D:4)
  An orc priest (D:3)
  Terence (D:3)
  An orc wizard (D:3)
  6 adders
  10 gnolls (D:4)
  A howler monkey skeleton (D:4)
  An adder skeleton (D:4)
  5 worms
  A dart slug (D:3)
  6 orcs (D:3)
  6 ball pythons
  6 bats
  7 endoplasms
  2 giant cockroaches
  8 goblins
  7 hobgoblins
  11 jackals
  6 kobolds
  3 quokkas
  4 frilled lizards
  5 rats
99 creatures vanquished.

Notes
Turn   | Place    | Note
-------+----------+-------------------------------------------
     0 | D:1      | benadryl the Gargoyle Fighter began the quest for the Orb.
     0 | D:1      | Reached XP level 1. HP: 14/14 MP: 1/1
    19 | D:1      | Found Ikuseghi's Armour Boutique.
   135 | D:1      | Reached XP level 2. HP: 19/19 MP: 2/2
   271 | D:1      | Found Dieschu's Armour Shoppe.
   376 | D:1      | Found Futam's Magic Scroll Boutique.
   494 | D:1      | Reached XP level 3. HP: 20/23 MP: 3/3
   651 | D:1      | You fall into a shaft and drop 1 floor!
   753 | D:2      | Found Oxkeboxe's Jewellery Boutique.
  1502 | D:2      | Reached XP level 4. HP: 26/29 MP: 4/4
  2341 | D:3      | Reached XP level 5. HP: 15/33 MP: 5/5
  2641 | D:3      | Found an ancient bone altar of Kikubaaqudgha.
  3187 | D:3      | Reached skill level 1 in Throwing
  3364 | D:3      | Noticed Terence
  3382 | D:3      | Killed Terence
  4001 | D:4      | Reached XP level 6. HP: 19/39 MP: 6/6
  4606 | D:4      | Found a glowing drain.
  5107 | D:4      | Slain by a gnoll shaman

Illustrated notes

Levels and vault maps discovered:
D:1:      lightli_arrival_chessboard, layout_basic, serial_shops,
          nicolae_shop_trees, shop, shop, nicolae_shop_crystal
D:2:      minmay_wonky_spiral, layout_basic, serial_shops, shop
D:3:      layout_basic, amcnicky_altar_gilded, uniq_terence
D:4:      layout_loops_ring, cheibrodos_sewer_entry_bend, minmay_puff

Skill      XL: |  1  2  3  4  5  6 |
---------------+-------------------+-----
Long Blades    | 2 3 4 |  4.0
Shields        | 4 |  4.7
Fighting       | 4 |  4.7
Throwing       | 1 2 |  2.5
Armour         | |  3.2

Action                   |  1- 3 |  4- 6 || total
-------------------------+-------+-------++-------
Melee: Long sword        |   104 |   221 ||   325
Throw: Javelin           |       |    11 ||    11
  Use: Scroll            |       |     4 ||     4
Armor: Scale mail        |    61 |    12 ||    73
       Chain mail        |       |   119 ||   119
Dodge: Dodged            |    44 |    61 ||   105
Block: Kite shield       |    62 |   136 ||   198
       Rpst.: Long sword |    14 |    18 ||    32

Table legend: (Time is in decaauts)
 A = Elapsed time spent in this place.
 B = Non-inter-level travel time spent in this place.
 C = Inter-level travel time spent in this place.
 D = Time resting spent in this place.
 E = Time spent auto-exploring this place.
 F = Levels seen in this place.
 G = Mean time per level.
                   A        B        C        D        E       F      G
               +--------+--------+--------+--------+--------+-----+--------+
         Total |   5274 |   5063 |    211 |   1824 |   2393 |   4 | 1318.5 |
       Dungeon |   5274 |   5063 |    211 |   1824 |   2393 |   4 | 1318.5 |
               +--------+--------+--------+--------+--------+-----+--------+

Top non-repeatable levels by time:
     D:3: 1752 daAuts
     D:2: 1634 daAuts
     D:4: 1201 daAuts
     D:1: 686 daAuts
